AoeStats
← 火魔杯

Arena

510733208Analyzed
1v1 RM · 19h ago on Oct 2, 2026· 36m 35s· 2 players
Game mode
Random Map
Map size
Tiny (2 player)
Population
200
Speed
Normal
Resources
Standard
Victory
Conquest
Starting age
Dark Age
Ending age
Imperial Age
RankedLock teamsTeams togetherTeam positionsShared explorationLock speedFull tech treeHidden civsTurbo modeCheats
Victory
Defeat
🇹🇼 Burgundians · Taiwan
913
+17
🇹🇷 Khmer · Türkiye
932
-17
火魔杯
7:14 Double-Bit Axe
11:05 Feudal Age
15:12 Castle Age
13:33 Bow Saw
13:45 Horse Collar
15:14 Heavy Plow
22:29 Wheelbarrow
22:39 Loom
24:26 Crop Rotation
27:14 Scale Barding Armor
28:23 Two-Man Saw
30:39 Imperial Age
28:31 Scale Barding Armor
29:04 Forging
29:57 Hand Cart
29:07 Cavalier
30:10 Chain Barding Armor
30:22 Gold Mining
30:23 Stone Mining
31:29 Iron Casting
30:53 Town Watch
31:14 Husbandry
32:09 Plate Barding Armor
33:18 Blast Furnace
33:55 Two-Man Saw
33:45 Town Patrol
33:34 Paladin
35:48 Capped Ram
36:27 Spies/Treason
i.yildirim35
4:21 Loom
9:13 Feudal Age
Connection lost

Rejoining the realm…

Still unreachable

The connection could not be restored.

Session expired

The server has moved on; the page needs a fresh start.